 Dungeon Crawl Stone Soup version 0.26-a0-812-g31a745ddcd (webtiles) character file.

Game seed: 4202811729355195891

54677 marklar909 the Frost Mage (level 14, 0/110 HPs)
             Began as a White Draconian Conjurer on Nov 14, 2020.
             Was a High Priest of Vehumet.
             Slain by a dire elephant (25 damage)
             ... on level 6 of the Lair of Beasts.
             The game lasted 00:51:53 (28707 turns).

marklar909 the Frost Mage (DrCj)                   Turns: 28707, Time: 00:51:54

Health: 0/110      AC: 17    Str: 16    XL:     14   Next: 35%
Magic:  11/29      EV: 17    Int: 22    God:    Vehumet [*****.]
Gold:   617        SH:  6    Dex: 13    Spells: 18/36 levels left

rFire    + . .     SeeInvis .   G - +6 morningstar (vamp)
rCold    + . .     Faith    .   c - +1 buckler
rNeg     . . .     Spirit   .   (armour unavailable)
rPois    +         Reflect  .   (helmet restricted)
rElec    .         Harm     .   H - +2 cloak
rCorr    .         Rampage  .   L - +2 pair of gloves
MR       +....                  n - +2 pair of boots
Stlth    +++.......             (no amulet)
HPRegen  0.28/turn              i - ring of poison resistance
MPRegen  0.21/turn              A - ring "Xoavamn" {rF+ Str+5 Dex+3 Slay+2}

@: about to teleport
A: breathe frost, unfitting armour, cold resistance 1, cold-blooded, AC +8
a: Breathe Frost, Renounce Religion


You were on level 6 of the Lair of Beasts.
You worshipped Vehumet.
Vehumet was extremely pleased with you.
You visited 3 branches of the dungeon, and saw 20 of its levels.

You collected 1236 gold pieces.
You spent 619 gold pieces at shops.

Inventory:

Hand Weapons
 G - a +6 vampiric morningstar (weapon)
Armour
 c - a +1 buckler (worn)
 n - a +2 pair of boots (worn)
 H - a +2 cloak (worn)
 L - a +2 pair of gloves (worn)
 N - a +0 kite shield
Jewellery
 i - a ring of poison resistance (left hand)
 t - an uncursed ring of see invisible
 v - an uncursed ring of magical power
 A - the ring "Xoavamn" (right hand) {rF+ Str+5 Dex+3 Slay+2}
   (You acquired it on level 11 of the Dungeon)

   [ring of protection from fire]

   It affects your strength (+5).
   It affects your dexterity (+3).
   It affects your accuracy and damage with ranged weapons and melee attacks
   (+2).
   It protects you from fire.
 B - an uncursed ring of fire {unknown}
 D - an uncursed ring of resist corrosion {unknown}
Wands
 k - a wand of digging (4)
 s - a wand of polymorph (4)
 w - a wand of disintegration (17)
 C - a wand of paralysis (8)
 F - a wand of flame (16)
 K - a wand of iceblast (2)
Scrolls
 e - 10 scrolls of identify
 f - 2 scrolls of fog
 g - 7 scrolls of remove curse
 l - 6 scrolls of magic mapping
 p - 3 scrolls of teleportation
 y - 2 scrolls of amnesia
 E - 3 scrolls of fear
 I - a scroll of brand weapon
 O - 2 scrolls of vulnerability {unknown}
Potions
 a - 14 potions of ambrosia
 b - 4 potions of heal wounds
 d - 4 potions of brilliance
 h - 5 potions of flight
 j - 7 potions of curing
 m - 2 potions of mutation
 o - 2 potions of resistance
 q - 2 potions of attraction
 r - 3 potions of cancellation
 u - 2 potions of berserk rage
 x - 3 potions of might
 z - 3 potions of magic
 J - 3 potions of haste {unknown}
 M - 3 potions of lignification {unknown}
Miscellaneous
 P - a box of beasts


   Skills:
 + Level 6.2 Fighting
 + Level 7.6 Maces & Flails
 + Level 8.9 Dodging
 + Level 7.0 Stealth
 + Level 5.6 Shields
 + Level 11.5 Spellcasting
 + Level 11.0 Conjurations
 * Level 4.4 Transmutations
 + Level 12.0 Ice Magic
 + Level 3.9 Earth Magic


You had 18 spell levels left.
You knew the following spells:

 Your Spells              Type           Power        Failure   Level
a - Magic Dart            Conj           ####         1%          1
b - Searing Ray           Conj           ######       1%          2
c - Dazzling Flash        Conj/Hex       #####.       1%          3
d - Stone Arrow           Conj/Erth      #####.       1%          3
e - Freeze                Ice            ####         1%          1
f - Frozen Ramparts       Ice            ######       1%          3
g - Irradiate             Conj/Tmut      #####.....   1%          5

Your spell library contained the following spells:

 Spells                   Type           Power        Failure   Level
 Sticky Flame             Conj/Fire      #####...     1%          4
 Beastly Appendage        Tmut           ####..       1%          1
 Sandblast                Erth           ####..       1%          1
 Sting                    Tmut/Pois      ###.         1%          1
 Ensorcelled Hibernation  Hex/Ice        #####.       1%          2
 Passwall                 Tmut/Erth      ####....     1%          2
 Wereblood                Tmut           ####....     1%          2
 Mephitic Cloud           Conj/Pois/Air  ####....     1%          3
 Static Discharge         Conj/Air       #####...     1%          3
 Fulminant Prism          Conj/Hex       #####.....   1%          4
 Hailstorm                Conj/Ice       ######..     1%          4
 Ice Form                 Ice/Tmut       #####...     1%          4
 Iskenderun's Mystic Bla  Conj/Tloc      #####...     1%          4
 Ignite Poison            Fire/Tmut/Pois ###.....     2%          3
 Summon Ice Beast         Ice/Summ       #####...     4%          4
 Fireball                 Conj/Fire      #####.....   4%          5
 Lightning Bolt           Conj/Air       #####.....   4%          5
 Corona                   Hex            ##.....      5%          1
 Summon Small Mammal      Summ           ##..         5%          1
 Spider Form              Tmut/Pois      ###.......   6%          3
 Call Imp                 Summ           ##......     8%          2
 Poisonous Vapours        Pois/Air       ##....       8%          2
 Lee's Rapid Deconstruct  Erth           ####......   8%          5
 Petrify                  Tmut/Erth      ####....     9%          4
 Olgreb's Toxic Radiance  Pois           ##......     13%         4
 Call Canine Familiar     Summ           ##......     16%         3
 Confusing Touch          Hex            ##......     16%         3
 Summon Guardian Golem    Hex/Summ       ##......     16%         3
 Tukima's Dance           Hex            ##......     16%         3
 Blade Hands              Tmut           ####......   22%         5
 Summon Lightning Spire   Summ/Air       ##......     45%         4
 Borgnjor's Vile Clutch   Necr/Erth      ###.......   54%         5
 Ignition                 Fire           ##........   100%        8
 Shatter                  Erth           ####......   100%        9
 Tornado                  Air            ##........   100%        9


Dungeon Overview and Level Annotations

Branches:
Dungeon (13/15)            Temple (1/1) D:6            Lair (6/6) D:11
  Swamp (0/4) Lair:2       Spider (0/4) Lair:4          Orc (0/2) D:12
  Slime: Lair:5-6    Vaults: D:13-14

Altars:
Ashenzari
Cheibriados
Elyvilon
Fedhas
Gozag
Hepliaklqana
Kikubaaqudgha
Makhleb
Nemelex Xobeh
Okawaru
Qazlal
Ru
Sif Muna
Trog
Uskayaw
Vehumet
Xom
Zin
The Shining One
Beogh

Shops:
D:6 **   D:12 ?

Portals:
Trove: D:10 (show abyssal rune of Zot)

Annotations:
D:3 3 runed translucent doors, Moral's ghost, amateur TeAE
D:11 3 runed translucent doors, tzalcoatl's ghost, journeyman DrCj
Lair:1 exclusion: oklob plant
Lair:6 exclusion: oklob plant


Innate Abilities, Weirdness & Mutations

You can breathe waves of freezing cold.
You can buffet flying creatures when you breathe cold.
Your icy white scales are hard. (AC +8)
You cannot fit into any form of body armour.
Your flesh is cold resistant. (rC+)
You are cold-blooded and may be slowed by cold attacks.


Message History

Unknown command.
Unknown command.
The dire elephant tramples you!
You stumble backwards!
The wall freezes the dire elephant.
The dire elephant tramples you!!
* * * LOW HITPOINT WARNING * * *
You stumble backwards!
The frozen ramparts melt away.
Okay, then.
You feel much better.
As you read the scroll of fear, it crumbles to dust.
You assume a fearsome visage.
The dire elephant resists with almost no effort.
The dire elephant tramples you.
* * * LOW HITPOINT WARNING * * *
You stumble backwards!
Okay, then.
As you read the scroll of teleportation, it crumbles to dust.
You feel strangely unstable. The dire elephant tramples you!!
You die...

###..##..#.....###.
##..............###
##...........#......
#.......###.##......
##......# #######...
#.#..#### ##.#.....
##..## ###........
##Y.# ###..........
#.@## #..#....#....
##...###...#####...#
#....##...## #####
#P..#.#....#
#....###..#########
##.#####..## #P.#P.#
#####..# ##..#
#.....## #.P#...#
#.## #.....##
#......#
#######......#


You could see a dire elephant.

Vanquished Creatures
  Josephine (Lair:6)
  10 hydras
  3 boulder beetles
  3 two-headed ogres
  2 catoblepae (Lair:6)
  Sonja (Lair:6)
  Nergalle (Lair:4)
  2 unseen horrors (D:10)
  A bog body (Lair:2)
  A deep elf mage (D:12)
  An orb spider (Lair:4)
  2 manticores
  10 elephants
  4 black mambas
  A torpor snail (Lair:6)
  13 cane toads
  A gargoyle (D:11)
  10 rime drakes
  A kobold demonologist (D:11)
  An efreet (D:12)
  6 komodo dragons
  A queen bee (Lair:1)
  A troll (D:13)
  A polar bear (Lair:1)
  3 slime creatures (D:12)
  7 dream sheep (Lair:6)
  5 blink frogs (Lair:4)
  Sigmund (D:5)
  A shadow (D:11)
  50 yaks
  11 wyverns
  4 wraiths
  7 basilisks
  3 vampire mosquitoes (D:12)
  An acid dragon (D:9)
  2 swamp worms (Lair:2)
  9 water moccasins
  4 ice beasts
  4 black bears
  A hell hound (Lair:6)
  3 sky beasts
  An eye of draining (D:8)
  3 phantoms
  An ogre (D:10)
  4 wolves (Lair:3)
  4 centaurs
  2 big kobolds
  18 bullfrogs
  A gnoll sergeant (D:11)
  3 scorpions
  26 killer bees (Lair:1)
  15 wights
  7 electric eels
  2 bullfrog zombies
  3 jellies
  4 centaur zombies
  6 hounds
  A centaur skeleton (D:11)
  5 orc wizards
  Jessica (D:3)
  4 iguanas
  6 hell rats (Lair:6)
  10 worker ants
  2 hound zombies
  2 hound skeletons
  A worker ant zombie (D:10)
  18 adders
  18 gnolls
  8 river rats
  A shadow imp (D:5)
  A white imp (D:7)
  3 ufetubi
  3 worms
  2 dart slugs
  10 leopard geckos
  32 orcs
  6 giant cockroaches
  5 goblins
  10 hobgoblins
  3 jackals (D:6)
  14 kobolds
  3 quokkas
  A ball python (D:2)
  6 bats
  8 frilled lizards
  A giant cockroach zombie (D:6)
  12 rats
491 creatures vanquished.

Vanquished Creatures (others)
  An orc wizard (D:3)
  A bush (Lair:2)
  34 fungi
  54 plants
90 creatures vanquished.

Grand Total: 581 creatures vanquished

Notes
Turn   | Place    | Note
-------+----------+-------------------------------------------
     0 | D:1      | marklar909 the Draconian Conjurer began the quest for the
                  | Orb.
     0 | D:1      | Reached XP level 1. HP: 14/14 MP: 3/3
   409 | D:1      | Reached XP level 2. HP: 20/20 MP: 0/5
   790 | D:1      | Learned a level 2 spell: Searing Ray
  1112 | D:2      | Found a burning altar of Makhleb.
  1115 | D:2      | Reached XP level 3. HP: 24/26 MP: 2/6
  1199 | D:2      | Reached skill level 5 in Conjurations
  1356 | D:2      | Reached XP level 4. HP: 21/33 MP: 2/7
  2725 | D:2      | Found a blossoming altar of Fedhas.
  2788 | D:2      | Found an iron altar of Okawaru.
  3027 | D:3      | Reached XP level 5. HP: 30/39 MP: 0/8
  3723 | D:3      | Noticed Jessica
  3728 | D:3      | Killed Jessica
  3728 | D:3      | Reached skill level 1 in Maces & Flails
  4194 | D:3      | Reached XP level 6. HP: 31/46 MP: 0/10
  4397 | D:3      | Found a runed translucent gate.
  4397 | D:3      | Found a runed translucent gate.
  4397 | D:3      | Found a runed translucent gate.
  4397 | D:3      | Noticed Moral's ghost (amateur TeAE)
  4398 | D:3      | Found a roughly hewn altar of Beogh.
  4864 | D:4      | Reached skill level 1 in Fighting
  5640 | D:4      | Learned a level 3 spell: Dazzling Flash
  5721 | D:5      | Entered Level 5 of the Dungeon
  5825 | D:5      | Found a hide-covered altar of Uskayaw.
  5931 | D:5      | Found a bloodstained altar of Trog.
  5951 | D:5      | Your scales start taking on an icy white colour.
  5951 | D:5      | Reached XP level 7. HP: 49/52 MP: 6/12
  5951 | D:5      | Gained mutation: Your flesh is cold resistant. (rC+) [White
                  | Draconian growth]
  6111 | D:5      | Noticed a +0 hand axe
  6112 | D:5      | Noticed a +0 dagger
  6503 | D:5      | Noticed Sigmund
  6553 | D:5      | Killed Sigmund
  7151 | D:6      | Found a staircase to the Ecumenical Temple.
  7158 | Temple   | Entered the Ecumenical Temple
  7164 | Temple   | Reached XP level 8. HP: 55/61 MP: 6/14
  7283 | Temple   | Became a worshipper of Vehumet
  7779 | D:6      | Found Iogzodosh's Incredible Inventory.
  7787 | D:6      | Bought a scroll of identify for 24 gold pieces
  7848 | D:6      | Learned a level 3 spell: Stone Arrow
  8042 | D:6      | Found Xydaosch's Assorted Antiques.
  8045 | D:6      | Bought a coppery potion for 23 gold pieces
  8045 | D:6      | Bought a red potion for 23 gold pieces
  8045 | D:6      | Bought a scroll labelled ZEOHY GUMERUMA for 26 gold pieces
  8683 | D:7      | Reached skill level 5 in Spellcasting
  9190 | D:7      | Reached * piety under Vehumet
  9190 | D:7      | Offered knowledge of Shock by Vehumet.
  9486 | D:7      | Found a blossoming altar of Fedhas.
  9840 | D:7      | Reached XP level 9. HP: 52/69 MP: 17/17
  9909 | D:7      | Reached skill level 1 in Shields
 10142 | D:7      | Reached skill level 5 in Stealth
 10429 | D:7      | Reached skill level 1 in Earth Magic
 10628 | D:8      | Found a sparkling altar of Nemelex Xobeh.
 10711 | D:8      | Noticed a two-headed ogre
 10758 | D:8      | Killed a two-headed ogre
 10758 | D:8      | Reached skill level 5 in Dodging
 11617 | D:9      | Noticed a two-headed ogre
 11626 | D:9      | Killed a two-headed ogre
 11626 | D:9      | Reached XP level 10. HP: 68/78 MP: 18/19
 12279 | D:9      | Found a shimmering altar of Xom.
 12768 | D:9      | Found a glowing golden altar of the Shining One.
 12768 | D:9      | Found an ancient bone altar of Kikubaaqudgha.
 12802 | D:10     | Entered Level 10 of the Dungeon
 13036 | D:10     | Reached ** piety under Vehumet
 13319 | D:10     | Noticed an unseen horror
 13328 | D:10     | Killed an unseen horror
 13380 | D:10     | Offered knowledge of Freeze by Vehumet.
 13465 | D:10     | Found a portal to a secret trove of treasure.
 13560 | D:10     | Noticed an unseen horror
 13571 | D:10     | Killed an unseen horror
 13905 | D:10     | Learned a level 1 spell: Freeze
 13996 | D:11     | Noticed a manticore
 14007 | D:11     | Killed a manticore
 14007 | D:11     | Reached skill level 1 in Ice Magic
 14094 | D:11     | Reached skill level 2 in Ice Magic
 14230 | D:11     | Found a staircase to the Lair.
 14230 | D:11     | Noticed a gargoyle
 14237 | D:11     | Killed a gargoyle
 14285 | D:11     | Found a sacrificial altar of Ru.
 14416 | D:11     | Noticed a minotaur
 14418 | D:11     | Noticed a manticore
 14418 | D:11     | Noticed tzalcoatl's ghost (journeyman DrCj)
 14420 | D:11     | Noticed a cyclops
 14426 | D:11     | Noticed a two-headed ogre
 14435 | D:11     | Killed a two-headed ogre
 14435 | D:11     | Reached XP level 11. HP: 59/85 MP: 21/22
 14601 | D:11     | Found a runed translucent gate.
 14602 | D:11     | Found a runed translucent gate.
 14602 | D:11     | Found a runed translucent gate.
 14615 | D:11     | Reached skill level 3 in Ice Magic
 15156 | D:11     | Offered knowledge of Frozen Ramparts by Vehumet.
 15156 | D:11     | Reached skill level 4 in Ice Magic
 15161 | D:11     | Learned a level 3 spell: Frozen Ramparts
 15167 | D:11     | Identified a scroll of acquirement
 15167 | D:11     | Acquired the ring "Xoavamn" {rF+ Str+5 Dex+3 Slay+2}
 15428 | D:11     | Reached *** piety under Vehumet
 15611 | D:11     | Noticed an eight-headed hydra
 15620 | D:11     | Killed an eight-headed hydra
 16444 | D:6      | Bought an embroidered cloak for 195 gold pieces
 16794 | D:12     | Reached skill level 5 in Ice Magic
 17018 | D:12     | Reached skill level 5 in Maces & Flails
 17023 | D:12     | Reached skill level 5 in Fighting
 17126 | D:12     | Found Iclexado's Magic Scroll Shop.
 17160 | D:12     | Bought a scroll of noise for 16 gold pieces
 17174 | D:12     | Found a staircase to the Orcish Mines.
 17195 | D:12     | Offered knowledge of Inner Flame by Vehumet.
 17249 | D:12     | Noticed a boulder beetle
 17377 | D:12     | Noticed an eight-headed hydra
 17390 | D:12     | Killed an eight-headed hydra
 17390 | D:12     | Reached skill level 6 in Ice Magic
 17552 | D:12     | Killed a boulder beetle
 17769 | D:12     | Noticed a deep elf mage
 17775 | D:12     | Killed a deep elf mage
 17946 | D:12     | Reached XP level 12. HP: 81/94 MP: 15/24
 17948 | D:12     | Reached skill level 7 in Ice Magic
 18382 | Lair:1   | Entered Level 1 of the Lair of Beasts
 18904 | Lair:1   | Reached skill level 10 in Conjurations
 18909 | Lair:1   | Reached skill level 8 in Ice Magic
 18959 | Lair:1   | Found the +3 robe of Clouds {+Thunder rCloud rElec}
 19439 | Lair:1   | Reached **** piety under Vehumet
 19440 | Lair:1   | Offered knowledge of Conjure Flame by Vehumet.
 19626 | Lair:2   | Reached skill level 9 in Ice Magic
 19843 | Lair:2   | Reached skill level 10 in Spellcasting
 20225 | Lair:2   | Found a staircase to the Swamp.
 20519 | Lair:2   | Noticed a boulder beetle
 20885 | Lair:2   | Killed a boulder beetle
 21373 | Lair:2   | Reached skill level 10 in Ice Magic
 21510 | Lair:3   | Noticed a four-headed hydra
 21528 | Lair:3   | Killed a four-headed hydra
 21607 | Lair:3   | Reached XP level 13. HP: 86/101 MP: 27/27
 23211 | D:6      | Bought a pair of gloves for 117 gold pieces
 23211 | D:6      | Bought a scroll of enchant armour for 195 gold pieces
 24096 | Lair:4   | Noticed Nergalle
 24108 | Lair:4   | Killed Nergalle
 24108 | Lair:4   | Reached skill level 11 in Ice Magic
 24666 | Lair:4   | Found a hole to the Spider Nest.
 25578 | Lair:5   | Reached skill level 5 in Shields
 25636 | Lair:5   | Identified Sif Muna's Guide on the Excruciating Rocks
 25644 | Lair:5   | Learned a level 5 spell: Irradiate
 25685 | Lair:5   | Reached ***** piety under Vehumet
 25685 | Lair:5   | Reached skill level 1 in Transmutations
 26353 | Lair:6   | Entered Level 6 of the Lair of Beasts
 26353 | Lair:6   | Noticed Josephine
 26549 | Lair:6   | Killed Josephine
 26578 | Lair:6   | Offered knowledge of Sticky Flame by Vehumet.
 27273 | Lair:6   | Noticed Sonja
 27286 | Lair:6   | Killed Sonja
 27659 | Lair:6   | Reached XP level 14. HP: 95/110 MP: 25/29
 27901 | Lair:6   | Reached skill level 12 in Ice Magic
 28702 | Lair:6   | HP: 3/110 [dire elephant (33)]
 28707 | Lair:6   | Slain by a dire elephant

Illustrated notes

Levels and vault maps discovered:
D:1:      matt_arrival_diagonals, layout_rooms, minmay_octomino_e4
D:2:      layout_basic, makhleb_blood_cavern_becter,
          nicolae_overflow_hidden_temple, okawaru_gym_becter
D:3:      layout_basic, biasface_ghost_orc_armoury, gup_sewer_entry_spiral,
          uniq_jessica
D:4:      layout_gridville
D:5:      layout_basic, dancing_weapons_uskayaw, nicolae_overflow_crystal_walls,
          uniq_sigmund
D:6:      layout_gridville, minmay_temple_entry_gardened_gates, serial_shops,
          kennysheep_mini, chequers_jeans, kennysheep_nondescript,
          nicolae_alphabet_shops
D:7:      layout_basic, serial_bayou, serial_bayou_pond_e, serial_bayou_ford_a,
          serial_bayou_lagoon_b, serial_bayou_pond_b, serial_park_tiny_1,
          fedhas_altar_2
D:8:      layout_basic, nemelex_xobeh_ov_fountains_minmay
D:9:      minmay_angry_zag, layout_loops_ring, lemuel_round_altar,
          gammafunk_temple_overflow_elements
D:10:     layout_loops_ring, enter_trove_0
D:11:     layout_layer_cave, lair_entry_dummy, maelrawn_ghost_gauntlet_escape,
          corner_web_ring, nicolae_ru_awakened_eye
D:12:     layout_irregular_city, orc_0_dummy, serial_shops, shop
D:13:     layout_roguey, david_vaults_2, chequers_mini_garden,
          statue_in_the_mist_lemuel, argonaut_gorgonesque
Temple:   jpeg_temple_clearing
Lair:1:   layout_roguey, special_room [special_room_bee],
          infiniplex_staircase_pool_2, grunt_megastairs_1,
          minmay_lair_oklob_chamber
Lair:2:   layout_misc_corridors, nicolae_swamp_entry_splash_gauntlet
Lair:3:   layout_gridlike, lemuel_fruit_tree, grunt_megastairs_4
Lair:4:   layout_long_grid, nicolae_spider_entry_orb_guardian, uniq_nergalle
Lair:5:   layout_regular_city
Lair:6:   evil_forest, layout_layer_cave, minmay_slime_entry_oklob_open,
          special_room [special_room_mythical_zoo], kennysheep_rathole,
          serial_bayou_shore_b, uniq_sonja, uniq_josephine

Skill      XL: |  1  2  3  4  5  6  7  8  9 10 11 12 13 14 |
---------------+-------------------------------------------+-----
Dodging        | 2 3 4 5 6 7 8 |  8.9
Stealth        | 2 3 4 5 6 7 |  7.0
Conjurations   | 5 6 7 8 9 10 11 | 11.0
Maces & Flails | 1 2 3 4 5 7 |  7.6
Spellcasting   | 3 4 5 6 7 8 10 11 | 11.5
Fighting       | 1 3 4 5 6 |  6.2
Shields        | 2 3 4 5 |  5.6
Earth Magic    | 1 2 3 |  3.9
Ice Magic      | 2 6 10 11 12 | 12.0
Transmutations | 3 4 |  4.4

Action                   |  1- 3 |  4- 6 |  7- 9 | 10-12 | 13-15 || total
-------------------------+-------+-------+-------+-------+-------++-------
Melee: Unarmed           |    15 |       |       |       |       ||    15
       Tailslap          |     3 |     4 |     5 |    12 |    14 ||    38
       Mace              |    13 |    44 |    26 |     1 |       ||    84
       Morningstar       |       |       |       |    62 |    97 ||   159
 Cast: Magic Dart        |    32 |    16 |     9 |     8 |     3 ||    68
       Searing Ray       |     6 |    53 |    74 |   142 |   100 ||   375
       Stone Arrow       |       |       |    11 |    28 |       ||    39
       Frozen Ramparts   |       |       |       |    39 |    44 ||    83
       Freeze            |       |       |       |     8 |       ||     8
       Irradiate         |       |       |       |       |    10 ||    10
       Dazzling Flash    |       |       |       |       |     7 ||     7
 Abil: Breathe Frost     |       |       |     6 |     1 |     1 ||     8
Evoke: Wand              |       |       |       |     1 |     2 ||     3
  Use: Scroll            |       |     9 |    15 |    11 |     6 ||    41
       Potion            |       |       |       |     2 |     1 ||     3
 Stab: Sleeping          |       |       |       |     2 |       ||     2
Armor: Skin              |    12 |    29 |    29 |    90 |    86 ||   246
Dodge: Dodged            |    30 |    63 |    80 |   227 |   221 ||   621
Block: Buckler           |       |       |    15 |    86 |    85 ||   186

Table legend: (Time is in decaauts)
 A = Elapsed time spent in this place.
 B = Non-inter-level travel time spent in this place.
 C = Inter-level travel time spent in this place.
 D = Time resting spent in this place.
 E = Time spent auto-exploring this place.
 F = Levels seen in this place.
 G = Mean time per level.
                   A        B        C        D        E       F      G
               +--------+--------+--------+--------+--------+-----+--------+
         Total |  28897 |  27321 |   1576 |   3390 |  20101 |  20 | 1444.8 |
       Dungeon |  18617 |  17354 |   1263 |   2020 |  13015 |  13 | 1432.1 |
        Temple |    147 |    110 |     37 |      0 |     96 |   1 |  147.0 |
          Lair |  10132 |   9856 |    276 |   1370 |   6990 |   6 | 1688.7 |
               +--------+--------+--------+--------+--------+-----+--------+

Top non-repeatable levels by time:
     D:7: 2586 daAuts
    D:11: 2549 daAuts
  Lair:6: 2186 daAuts
  Lair:4: 1964 daAuts
     D:3: 1873 daAuts
    D:12: 1740 daAuts
     D:2: 1724 daAuts
  Lair:2: 1706 daAuts
  Lair:1: 1527 daAuts
  Lair:3: 1527 daAuts
     D:5: 1438 daAuts
     D:9: 1347 daAuts
     D:6: 1298 daAuts
     D:1: 1272 daAuts
  Lair:5: 1220 daAuts
